 Dungeon Crawl Stone Soup version 0.30-a0-172-gc5509c9e31 (webtiles) character file.

Game seed: 14192504742320888421

215 PyroL the Insei (level 5, -1/33 HPs)
             Began as an Octopode Transmuter on Oct 2, 2022.
             Slain by an iguana (11 damage)
             ... on level 4 of the Dungeon.
             The game lasted 00:14:20 (3124 turns).

PyroL the Insei (Octopode Transmuter)               Turns: 3124, Time: 00:14:20

Health: -1/33      AC:  1    Str:  9    XL:     5   Next: 92%
Magic:  8/8        EV: 13    Int: 17    God:
Gold:   288        SH:  0    Dex: 19    Spells: 2/8 levels left

rFire   . . .      SeeInvis .    t - +4 dagger
rCold   . . .      Faith    .    (no shield)
rNeg    . . .      Spirit   .    (helmet restricted)
rPois   .          Reflect  .    (no amulet)
rElec   .          Harm     .    p - +6 ring of dexterity
rCorr   .          Rampage  .    q - ring of willpower
Will    +....                    (no ring)
Stlth   +++.......               (no ring)
HPRegen 0.25/turn                (no ring)
MPRegen 0.11/turn                (no ring)
                                 (no ring)
                                 (no ring)

@: no status effects
A: almost no armour, amphibious, 8 rings, camouflage 1, gelatinous body 1,
(nimble swimmer 1), tentacles
a: no special abilities


You were on level 4 of the Dungeon.
You visited 1 branch of the dungeon, and saw 4 of its levels.

You collected 288 gold pieces.

Inventory:

Hand Weapons
 i - a +0 dagger of protection
 t - a +4 dagger (weapon)
Jewellery
 m - a ring of fire
 p - a +6 ring of dexterity (left tentacle)
 q - a ring of willpower (right tentacle)
Wands
 s - a wand of flame (12)
Scrolls
 d - a scroll of identify {unknown}
 e - a scroll of noise {unknown}
 f - a scroll of enchant weapon {unknown}
 k - a scroll of poison {unknown}
 l - a scroll of butterflies {unknown}
 r - a scroll of summoning {unknown}
Potions
 a - a potion of lignification
 b - a potion of flight {unknown}
 c - a potion of mutation {unknown}
 g - 2 potions of curing {unknown}
 h - a potion of brilliance {unknown}
 j - a potion of attraction {unknown}
 n - 2 potions of haste {unknown}
Miscellaneous
 o - a piece from Xom's chessboard (15/15)


   Skills:
 - Level 1.0 Fighting
 - Level 2.0 Dodging
 + Level 5.1 Unarmed Combat
 - Level 2.0 Spellcasting
 * Level 4.2 Transmutations


You had 2 spell levels left.
You knew the following spells:

 Your Spells              Type           Power      Damage    Failure   Level
a - Beastly Appendage     Tmut           32%        N/A       3%          1
b - Wereblood             Tmut           16%        N/A       5%          2
c - Spider Form           Tmut/Pois      8%         N/A       24%         3

Your spell library contained the following spells:

 Spells                   Type           Power      Damage    Failure   Level
 Ice Form                 Ice/Tmut       8%         N/A       63%         4


Dungeon Overview and Level Annotations

Branches:
Dungeon (4/15)
 Temple: D:4-7

Altars:
Okawaru
Sif Muna
Xom


Innate Abilities, Weirdness & Mutations

You cannot wear most types of armour.
You are amphibious.
You can wear up to eight rings at the same time.
Your skin changes colour to match your surroundings (Stealth+).
Your rubbery body absorbs attacks. (AC +1, EV +1)
((You are camouflaged when in or above water. (Stealth+)))
You have tentacles for arms and can constrict up to eight enemies at once.


Message History

There is an open door here.
You see here a +1 helmet.
Your transformation is almost over.
There is a transporter here.
You enter the transporter and appear at another place.
Okay, then.
Magic restored.
Your tentacle spike disappears.
A bat comes into view.
A bat is nearby!
Found a shimmering blue altar of Sif Muna.
The helpless bat fails to defend itself.
You puncture the bat!
You kill the bat!
No target in view!
Found a stone staircase leading up.
Done exploring.
Done exploring.
There is a stone staircase leading down here.
You climb downwards.
Found a fizzy puce potion and 5 stones.
There is a stone staircase leading up here.
An iguana is nearby!
One of your tentacles grows a vicious spike.
A scorpion comes into view.
The iguana hisses angrily.
The iguana bites you!
You hit the iguana. Your grab misses the iguana.
The iguana is moderately wounded.
Your transformation is almost over.
The iguana closely misses you.
Your tentacle spike disappears.
The iguana barely misses you. The iguana attacks as you move away!
The iguana bites you!
* * * LOW HITPOINT WARNING * * *
The iguana attacks as you move away! The iguana barely misses you.
The iguana attacks as you move away! The iguana barely misses you.
There is a stone staircase leading up here.
The iguana bites you!
You die...

........##
..........
..(......
.......##
....... ..!..
#####.#.#
##...#.#@####
........l...#
.♣..........#
.♣♣.........#
............#
###.........+
#.........#
#.........#
#.........#


You could see an iguana.

Vanquished Creatures
  2 orc priests (D:3)
  An orc wizard (D:3)
  3 shadow imps (D:3)
  4 worms
  3 dart slugs
  3 orcs (D:3)
  9 endoplasms
  2 giant cockroaches
  8 goblins
  3 hobgoblins
  3 jackals (D:2)
  11 kobolds
  7 quokkas
  6 ball pythons
  11 bats
  5 frilled lizards
  6 rats
87 creatures vanquished.

Vanquished Creatures (others)
  25 plants (D:3)
25 creatures vanquished.

Grand Total: 112 creatures vanquished

Notes
Turn   | Place    | Note
-------+----------+-------------------------------------------
     0 | D:1      | PyroL the Octopode Transmuter began the quest for the Orb.
     0 | D:1      | Reached XP level 1. HP: 13/13 MP: 3/3
   159 | D:1      | Reached XP level 2. HP: 13/18 MP: 3/5
   352 | D:1      | Learned a level 2 spell: Wereblood
   448 | D:1      | Reached skill level 4 in Unarmed Combat
   562 | D:1      | Reached XP level 3. HP: 10/23 MP: 4/6
   705 | D:1      | Learned a level 3 spell: Spider Form
  1047 | D:2      | Found a faded altar of an unknown god.
  1214 | D:2      | Reached XP level 4. HP: 28/28 MP: 4/7
  1939 | D:3      | Found an iron altar of Okawaru.
  2126 | D:3      | Reached XP level 5. HP: 33/33 MP: 5/8
  2251 | D:3      | Found a shimmering altar of Xom.
  2368 | D:3      | Found a transporter.
  2579 | D:3      | Found a transporter.
  2638 | D:3      | Reached skill level 5 in Unarmed Combat
  3043 | D:3      | Found a shimmering blue altar of Sif Muna.
  3124 | D:4      | Slain by an iguana

Illustrated notes

Levels and vault maps discovered:
D:1:      ncdulo_halloftheorcs, layout_basic
D:2:      minmay_chambers_of_twos, layout_basic, basic_ecumenical_altar,
          minmay_hedge_maze, hangedman_abyss_or_decor_stabs
D:3:      gammafunk_wand_slinger, layout_basic, xom_butterflies,
          mainiacjoe_overflow_small_starburst, nicolae_sif_muna_condensation,
          serial_bayou_lagoon_a
D:4:      layout_basic, chequers_mini_garden, minmay_misc_feat_hallway,
          kennysheep_generic_room_10, uniq_robin, uniq_sigmund,
          uniq_blork_the_orc

Skill      XL: |  1  2  3  4  5 |
---------------+----------------+-----
Unarmed Combat | 4 5 |  5.1
Transmutations | 3 4 |  4.2
Fighting       | |  1.0
Dodging        | |  2.0
Spellcasting   | |  2.0

Action                   |  1- 3 |  4- 6 || total
-------------------------+-------+-------++-------
Melee: Unarmed           |    83 |    22 ||   105
       Kick              |    17 |    19 ||    36
       Constrict         |    25 |    28 ||    53
       Tentacles         |    10 |    24 ||    34
       Punch             |     2 |     1 ||     3
       Dagger            |       |    91 ||    91
 Cast: Beastly Appendage |    22 |    18 ||    40
       Wereblood         |     4 |     6 ||    10
       Spider Form       |       |     1 ||     1
 Abil: End Transformatio |       |     6 ||     6
 Stab: Sleeping          |     8 |     4 ||    12
Armor: Skin              |     9 |    21 ||    30
Dodge: Dodged            |    65 |    76 ||   141

Table legend: (Time is in decaauts)
 A = Elapsed time spent in this place.
 B = Non-inter-level travel time spent in this place.
 C = Inter-level travel time spent in this place.
 D = Time resting spent in this place.
 E = Time spent auto-exploring this place.
 F = Levels seen in this place.
 G = Mean time per level.
                   A        B        C        D        E       F      G
               +--------+--------+--------+--------+--------+-----+--------+
         Total |   3114 |   3003 |    111 |    321 |   1863 |   4 |  778.5 |
       Dungeon |   3114 |   3003 |    111 |    321 |   1863 |   4 |  778.5 |
               +--------+--------+--------+--------+--------+-----+--------+

Top non-repeatable levels by time:
     D:3: 1178 daAuts
     D:2: 1131 daAuts
     D:1: 791 daAuts
     D:4: 13 daAuts
